[Event "*** SCC Grand Prix: Titled Tuesday Blitz"]
[Site "Chess.com"]
[Date "2020.07.21"]
[Round "4"]
[White "Schack-Hugo"]
[Black "fischercapa"]
[Result "1-0"]
[WhiteElo "2188"]
[BlackElo "2480"]
[TimeControl "180+1"]
[EndTime "10:40:11 PDT"]
[Termination "Schack-Hugo won by resignation"]

1. c3 Nf6 2. d4 b6 3. Nf3 Bb7 4. g3 e6 5. Bg2 Be7 6. O-O O-O 7. b3 c5 8. e3 Qc7 9. Bb2 d5 10. Nbd2 Nc6 11. Rc1 Rfd8 12. Qc2 a5 13. a4 Rac8 14. Qb1 h6 15. Rfd1 Ba6 16. Ba3 Bf8 17. Qa1 Qb8 18. c4 cxd4 19. exd4 Nb4 20. Bxb4 Bxb4 21. Ne5 dxc4 22. Nc6 Rxc6 23. Bxc6 c3 24. Nc4 Qc7 25. Bg2 Bxc4 26. Rxc3 Bxc3 27. Qxc3 Rc8 28. Rc1 Nd5 29.
Qb2 Nb4 30. Rxc4 Qd8 31. Qc3 Rxc4 32. bxc4 Qc7 33. c5 bxc5 34. Qxc5 Qd8 35. h4 g6 36.
h5 gxh5 37. Qxh5 Qg5 38. Qxg5+ hxg5 39. Kf1 Kf8 40. Ke2 Ke7 41. Kd2 Kd6 42. Kc3 f6 43.
Kc4 Nc2 44. Kc3 Ne1 45. Be4 f5 46. Bh1 g4 47. Kd2 Nf3+ 48. Bxf3 gxf3 49. Ke3 Kd5 50. Kd3 Kd6 51. Kc4 Kc6 52. Kc3 Kd5 53. Kd3 Kd6 54.
Ke3 Kd5 55. Kxf3 Kxd4 56. Kf4 Kc4 57. f3 Kb4 58. g4 Kxa4 59. g5 Kb3 60. g6 a4 61. g7 a3 62. g8=Q a2 63. Qxe6+ Ka3 64. Qa6+ Kb2 65. Qb5+ Kc2 66. Qxf5+ Kb2 67. Qa5 a1=Q 68.
Qxa1+ Kxa1 69. Ke5 1-0

[Event "*** SCC Grand Prix: Titled Tuesday Blitz"]
[Site "Chess.com"]
[Date "2020.07.21"]
[Round "4"]
[White "GGfrances"]
[Black "wild_cat99"]
[Result "1-0"]
[WhiteElo "2475"]
[BlackElo "2616"]
[TimeControl "180+1"]
[EndTime "10:40:22 PDT"]
[Termination "GGfrances won on time"]

1. e4 c5 2. Nf3 d6 3. d4 cxd4 4.
Nxd4 Nf6 5. Nc3 a6 6. Bg5 Nbd7 7. Bc4 Qc7 8. Bb3 h6 9. Bh4 g5 10. Bg3 Nc5 11. f3 e6 12. Qe2 Nxb3 13. Nxb3 b5 14. O-O-O b4 15. Nb1 Bb7 16. N1d2 Rc8 17. Qd3 h5 18.
Kb1 h4 19. Bf2 g4 20. Rhe1 Bg7 21. f4 h3 22. g3 O-O 23. e5 Nd5 24. exd6 Qxd6 25.
Ne4 Qc7 26. Bd4 Rfd8 27. Bxg7 Nc3+ 28. Bxc3 Rxd3 29. Nf6+ Kf8 30. Rxd3 bxc3 31. Rxc3 Qd8 32. Rxc8 Qxc8 33. Nxg4 Qc6 34. Nd4 Qg2 35. Kc1 Bd5 36.
f5 Bxa2 37. b3 e5 38. Nxe5 Qxh2 39. Nef3 Qg2 40. Kb2 h2 41. Nxh2 Qxh2 42. Kxa2 Qxg3 43. Rd1 Qc3 44. Rd3 Qc7 45. Kb2 Qe5 46. Rd1 a5 47. Rd3 Qe4 48. Rd1 Kg7 49. Rd3 Kf6 50. Rd1 Qg2 51. Rd3 Qb7 52. Rd1 a4 53. Rd3 Ke5 54.
Ne2 Kxf5 55. Nd4+ Ke4 56. Ne2 f5 57. Nc3+ Ke5 58. Nxa4 f4 59. Nc5 Qb4 60. Nd7+ Ke6 61. c3 Qb5 62. Rd4 f3 63. Nf8+ Ke7 64. Ng6+ Kf6 65.
Nf4 f2 66. Rd1 f1=Q 67. Rxf1 Qxf1 68. Nd5+ Ke5 69. c4 Qf2+ 70. Kc3 Qf3+ 71. Kb4 Qd1 72. Kc3 Qc1+ 73. Kb4 Qb2 74. Ka4 Kd4 75. Kb4 Qa2 76.
Nc3 Qb2 77. Nb5+ Kd3 78. Nd6 Kc2 79. Nb5 Qxb3+ 80. Kc5 1-0

[Event "*** SCC Grand Prix: Titled Tuesday Blitz"]
[Site "Chess.com"]
[Date "2020.07.21"]
[Round "4"]
[White "MathiasWomacka"]
[Black "nobodyperfect13"]
[Result "1-0"]
[WhiteElo "2449"]
[BlackElo "2284"]
[TimeControl "180+1"]
[EndTime "10:40:22 PDT"]
[Termination "MathiasWomacka won by resignation"]

1. e4 c5 2. Nf3 e6 3. d4 cxd4 4. Nxd4 a6 5. Bd3 Qc7 6. Qe2 Nf6 7.
O-O d6 8. c4 Nbd7 9. Nc3 Be7 10. f4 O-O 11. Kh1 b6 12. Bd2 Bb7 13. Rae1 Rfe8 14.
e5 dxe5 15. fxe5 Ng4 16. Qxg4 Nxe5 17. Qg3 Bd6 18. Bf4 Nxd3 19. Bxd6 Qxc4 20. Be5 Nxe5 21. Qxe5 Rad8 22. Nf3 f6 23. Qe3 b5 24. Rd1 e5 25. h3 h6 26. Qb6 Qc6 27. Qxc6 Bxc6 28. Rxd8 Rxd8 29. Rd1 Rxd1+ 30. Nxd1 Kf7 31. Kg1 g5 32.
Kf2 Ke6 33. Ke3 f5 34. Nf2 Kf6 35. g4 f4+ 36. Ke2 a5 37. Nd2 Bd5 38. a3 Ke6 39.
Nfe4 Kd7 40. Kd3 Kc6 41. Nf3 Bc4+ 42. Kc3 Kd5 43. Nf6+ Ke6 44. Ng8 e4 45. Nd4+ Ke5 46.
Nxh6 f3 47. Nhf5 Kf4 48. Kd2 e3+ 49. Nxe3 f2 50. Ne6+ Kf3 51. Nxg5+ Kg3 52. Ne4+ Kf3 53. Nd6 f1=Q 54. Nxf1 Bxf1 55. g5 Bxh3 56. g6 Be6 57. Nxb5 Ke4 58. Kc3 Kf5 59. Nd4+ Kf6 60. Nxe6 Kxe6 61.
Kc4 Kf6 62. Kb5 Kxg6 63. Kxa5 Kf6 64. b4 Ke5 65. Kb6 Kd6 66. b5 Kd5 67. Kb7 Kc4 68.
b6 Kb3 69. Kc7 Kxa3 70. b7 Kb3 71. b8=Q+ Kc3 72. Qb6 1-0

[Event "*** SCC Grand Prix: Titled Tuesday Blitz"]
[Site "Chess.com"]
[Date "2020.07.21"]
[Round "4"]
[White "JuliaEfremova"]
[Black "stanyga"]
[Result "0-1"]
[WhiteElo "2334"]
[BlackElo "2588"]
[TimeControl "180+1"]
[EndTime "10:40:23 PDT"]
[Termination "stanyga won by resignation"]

1. e4 c5 2. d4 cxd4 3. c3 dxc3 4. Nxc3 Nc6 5. Nf3 d6 6. Bc4 Nf6 7. O-O e6 8. Qe2 a6 9. a4 Be7 10. Rd1 Qc7 11. Bg5 h6 12. Bh4 g5 13. Bg3 g4 14.
Nd4 Ne5 15. Ba2 Nh5 16. Bxe5 dxe5 17. Nc2 Rg8 18. Ne3 Nf4 19. Qc4 Qxc4 20. Nxc4 f6 21. Nb6 Rb8 22. a5 Bc5 23. Nca4 Bd4 24. Kf1 Bd7 25.
Rac1 Bb5+ 26. Bc4 Bxa4 27. Nxa4 Ke7 28. g3 Nh3 29. Nb6 Rbd8 30. Be2 Bxb6 31. axb6 Rxd1+ 32. Bxd1 Rd8 33. Bxg4 Ng5 34. Rc7+ Rd7 35. Rxd7+ Kxd7 36. f3 Nf7 37. h4 Nd6 38. b3 Nc8 39. Ke2 Nxb6 40.
Kd3 Kd6 41. Kc3 a5 42. Bh5 Nd7 43. Be8 b5 44. g4 Ke7 45. Bg6 Nb6 46. Bh5 Kd6 47.
Be8 Kc5 48. Bf7 Kd6 49. Be8 b4+ 50. Kd3 Ke7 51. Bb5 Kd6 52. Ke3 Kc5 53. Be8 a4 54. bxa4 b3 55. Kd3 Kb4 56. a5 b2 57. Kc2 Kxa5 58.
Kb1 Nc4 59. Bf7 Kb4 60. Bxe6 Kc3 61. Bxc4 Kxc4 62. Kxb2 Kd3 63. g5 fxg5 64. hxg5 hxg5 65. Kc1 Ke3 66. Kd1 Kxf3 67. Kd2 Kxe4 68. Ke2 g4 69. Kf2 Kd3 70. Kg2 e4 71. Kg3 e3 72. Kxg4 e2 73.
Kf4 e1=Q 74. Kf3 Qe3+ 0-1

[Event "*** SCC Grand Prix: Titled Tuesday Blitz"]
[Site "Chess.com"]
[Date "2020.07.21"]
[Round "4"]
[White "LawrenceTrent"]
[Black "ShimanovAlex"]
[Result "1/2-1/2"]
[WhiteElo "2542"]
[BlackElo "2802"]
[TimeControl "180+1"]
[EndTime "10:40:27 PDT"]
[Termination "Game drawn - insufficient material"]

1. e4 d5 2. exd5 Qxd5 3. Nc3 Qa5 4. Bc4 Nf6 5. d3 c6 6. Qe2 Bg4 7. f3 Bd7 8. f4 Bg4 9. Nf3 e6 10. O-O Nbd7 11. h3 Bxf3 12. Qxf3 g6 13. Bd2 Qb6+ 14. Kh1 Bg7 15. g4 h5 16. g5 Nd5 17. Ne4 Qc7 18. c3 Ne7 19. a4 O-O 20. d4 Nf5 21. a5 c5 22. d5 b5 23. dxe6 bxc4 24. exd7 Qxd7 25.
Rad1 Rab8 26. Bc1 Qb7 27. Kh2 Qc7 28. Rd5 Ne7 29. Rxc5 Qd8 30. Rd1 Qe8 31. Nf6+ Bxf6 32. gxf6 Nc8 33. Rxh5 Qe6 34. Rg5 Nd6 35. Qd5 Qxd5 36.
Rgxd5 Ne4 37. R1d4 Nxf6 38. Re5 Rfc8 39. f5 gxf5 40.
Rxf5 Rc6 41. Rdf4 Kg7 42. Rf2 Rb7 43. Be3 Ne8 44. Bd4+ f6 45. Rg2+ Kf7 46. Rh5 Nd6 47. Rh7+ Ke6 48. Rxb7 Nxb7 49. Bxa7 Nxa5 50. h4 Nb3 51. h5 Rc7 52. Be3 Rh7 53. h6 Na5 54. Kh3 Nc6 55. Kh4 Ne5 56. Kh5 Rd7 57. Bd4 Nf3 58. Rf2 Nxd4 59. cxd4 Rd5+ 60. Kg6 Rg5+ 61. Kh7 f5 62. Rf4 Kf6 63. d5 Ke5 64. Rxc4 Kxd5 65. Rc2 f4 66. b4 Ke4 67. Rc3 f3 68. Rc4+ Ke3 69. Rc3+ Ke2 70. Rc2+ Kd3 71. Ra2 Ke3 72. Ra3+ Ke2 73. Ra2+ Kf1 74. Ra1+ Kg2 75. b5 Rxb5 76. Kg7 Rb7+ 77. Kg6 Rb6+ 78. Kg7 Rb7+ 79. Kg6 f2 80. h7 Rxh7 81. Kxh7 f1=Q 82. Rxf1 Kxf1 1/2-1/2

[Event "*** SCC Grand Prix: Titled Tuesday Blitz"]
[Site "Chess.com"]
[Date "2020.07.21"]
[Round "4"]
[White "if_name_main_a"]
[Black "Nayemhaque22"]
[Result "0-1"]
[WhiteElo "2392"]
[BlackElo "2195"]
[TimeControl "180+1"]
[EndTime "10:40:32 PDT"]
[Termination "Nayemhaque22 won by checkmate"]

1. c4 e6 2. Nc3 d5 3. d4 Nf6 4. cxd5 exd5 5. Bg5 Bb4 6. e3 h6 7. Bxf6 Qxf6 8. Bd3 c6 9. Ne2 O-O 10. O-O Re8 11.
Ng3 Bd6 12. Qc2 Bxg3 13. hxg3 Be6 14. b4 Nd7 15. a4 Qe7 16. a5 Rac8 17. Rab1 Nf6 18.
Rfe1 Qd6 19. Ne2 b6 20. axb6 axb6 21. Rec1 Nd7 22. Nf4 c5 23. Ba6 Rc7 24. bxc5 bxc5 25. Bb5 c4 26. Ra1 Qb6 27. Rcb1 Qd6 28. Ra6 Qe7 29.
Bxd7 Qxd7 30. Nxe6 Rxe6 31. Rb8+ Rc8 32. Raa8 Rc6 33.
Qa4 Rxb8 34. Rxb8+ Kh7 35. Qc2+ g6 36. Ra8 c3 37.
Kh2 Qf5 38. Qxf5 gxf5 39. Ra1 c2 40. Rc1 Kg6 41. Kg1 Kg5 42. Kf1 h5 43. Ke2 h4 44.
gxh4+ Kxh4 45. Kd2 Rg6 46. g3+ Kg4 47. Rxc2 Kf3 48. Kd3 Ra6 49. Kc3 Rc6+ 50. Kd3 Rxc2 51. Kxc2 Kxf2 52. Kd3 Kxg3 53. Ke2 Kg2 54. Ke1 Kf3 55.
Kd2 Ke4 56. Ke2 f4 57. exf4 Kxf4 58. Kd3 Kf3 59. Kc3 Ke4 60. Kb4 Ke3 61. Kc5 Ke4 62.
Kd6 f5 63. Ke6 f4 64. Kf6 f3 65. Ke6 f2 66. Kd6 f1=Q 67. Ke7 Qf5 68. Kd8 Kxd4 69. Kc7 Kc5 70. Kb7 Qg6 71. Ka7 Kb5 72. Kb8 Qg7 73. Ka8 Kc6 74. Kb8 Qb7# 0-1

[Event "*** SCC Grand Prix: Titled Tuesday Blitz"]
[Site "Chess.com"]
[Date "2020.07.21"]
[Round "4"]
[White "Maksat-94"]
[Black "fabianvivasz"]
[Result "1/2-1/2"]
[WhiteElo "2442"]
[BlackElo "2294"]
[TimeControl "180+1"]
[EndTime "10:40:33 PDT"]
[Termination "Game drawn by repetition"]

1. e4 e5 2. Nf3 Nc6 3. Bc4 Nf6 4. O-O Nxe4 5. d4 d5 6. Bb5 exd4 7. Nxd4 Bd7 8.
Bxc6 bxc6 9. f3 Nc5 10. Re1+ Ne6 11. Kh1 Qf6 12. Nc3 Bd6 13. Be3 O-O 14. Qd2 Nxd4 15.
Bxd4 Qh4 16. Be5 Rfe8 17. Bxd6 cxd6 18. b3 Qf6 19. Rxe8+ Rxe8 20. Re1 Rxe1+ 21. Qxe1 Qe5 22. Qd2 d4 23. Ne2 c5 24. Kg1 Bb5 25. Ng3 h5 26.
Ne4 g6 27. h4 Kg7 28. Qg5 Bc6 29. Qxe5+ dxe5 30. Nxc5 Kf6 31. Kf2 Ke7 32. Nd3 Kd6 33. Ke1 f6 34. Kd2 g5 35. hxg5 fxg5 36. c3 dxc3+ 37.
Kxc3 e4 38. fxe4 Bxe4 39. g3 Bxd3 40. Kxd3 Kd5 41. Ke3 Ke5 42. a3 a6 43. Kd3 Kd5 44.
Ke3 Ke5 45. Kd3 Kf5 46. Ke3 Kg4 47. Kf2 h4 48. gxh4 Kxh4 49. b4 Kg4 50. a4 Kf4 51.
b5 axb5 52. a5 b4 53. a6 b3 54. a7 b2 55. a8=Q b1=Q 56. Qf3+ Ke5 57. Qe3+ Kf6 58.
Qd4+ Kg6 59. Qd6+ Kh5 60. Qh2+ Kg6 61. Qd6+ Kg7 62. Qe7+ Kg6 63. Qe6+ Kh5 64. Qh3+ Kg6 65. Qe6+ Kh7 66. Qf7+ Kh6 67. Qf8+ Kh5 68. Qh8+ Kg4 69. Qc8+ Qf5+ 70. Qxf5+ Kxf5 71. Kf3 Kf6 72. Kg4 Kg6 73. Kg3 Kh5 74. Kh3 g4+ 75. Kg3 Kg5 76. Kg2 Kf4 77.
Kf2 Ke4 78. Kg3 Kf5 79. Kg2 Kf4 80. Kf2 Kg5 81. Kg3 Kf5 82. Kg2 Kf4 1/2-1/2

[Event "*** SCC Grand Prix: Titled Tuesday Blitz"]
[Site "Chess.com"]
[Date "2020.07.21"]
[Round "4"]
[White "NiranjanNavalgund"]
[Black "Carnivoras"]
[Result "1/2-1/2"]
[WhiteElo "2459"]
[BlackElo "2613"]
[TimeControl "180+1"]
[EndTime "10:40:40 PDT"]
[Termination "Game drawn by repetition"]

1. d4 d5 2. c4 c6 3. Nf3 e6 4. g3 dxc4 5. Bg2 b5 6. O-O Bb7 7. a4 a6 8. b3 cxb3 9. Qxb3 Nf6 10. Bg5 Be7 11. Nc3 O-O 12. Rfd1 Nbd7 13. Ne5 Nd5 14. Bxe7 Qxe7 15. Nxd7 Qxd7 16. Ne4 Qe7 17. Nc5 h6 18. e4 Nb6 19. axb5 cxb5 20. Rac1 Rfc8 21. Rc2 Bc6 22.
Rdc1 Nc4 23. Nd3 Rd8 24. Nb4 Bb7 25. d5 exd5 26. exd5 Qd6 27. Nc6 Re8 28. Rxc4 bxc4 29. Qxb7 Qa3 30. Qb1 Re2 31. Bf1 Rb2 32. Qe4 Rxf2 33.
Rxc4 Rf6 34. Ne7+ Kf8 35. d6 Rd8 36. Nf5 Re6 37. Qd4 Rf6 38. Bd3 Kg8 39. d7 Qa5 40. Rc8 Qe1+ 41. Kg2 Qd2+ 42. Kh3 Qa5 43. Qe4 Re6 44. Qd4 Rf6 45. Qg4 g6 46. Ne3 Kg7 47. Nd5 Qxd5 48. Rxd8 Qxd3 49. Qb4 Qf5+ 50. Qg4 Qf1+ 51.
Kh4 h5 52. Rg8+ Kxg8 53. d8=Q+ Kg7 54. Qh3 g5+ 55. Kxg5 Qc1+ 56. Kh4 Qc4+ 57. g4 Rg6 58. Qd7 hxg4 59. Qg3 Rh6+ 60. Kg5 Qc5+ 61. Kf4 Rf6+ 62. Ke4 Qb4+ 63. Qd4 Qe7+ 64. Kd3 Qa3+ 65. Qc3 Qa4 66. Qf2 Qd1+ 67. Kc4 Qd6 68. Qfxf6+ Qxf6 69. Qg3 Qc6+ 70. Kb4 Qf3 71. Qe5+ Qf6 72. Qh5 Qg6 73. Qe5+ Qf6 74. Qh5 Qg6 75. Qe5+ Kg8 76. Qe8+ Kh7 77. Qe5 Qg7 78.
Qh5+ Kg8 79. Qd5 Qb2+ 80. Ka4 Qxh2 81. Qd8+ Kh7 82. Qg5 Qh3 83. Qf5+ Kg7 84. Qg5+ Kf8 85. Qd8+ Kg7 86. Qg5+ Kh7 87. Qf5+ Kg8 88. Qg5+ Kf8 89. Qd8+ Kg7 90. Qg5+ 1/2-1/2

[Event "*** SCC Grand Prix: Titled Tuesday Blitz"]
[Site "Chess.com"]
[Date "2020.07.21"]
[Round "4"]
[White "BabyBoss31"]
[Black "KratosKrieg"]
[Result "1-0"]
[WhiteElo "2186"]
[BlackElo "1920"]
[TimeControl "180+1"]
[EndTime "10:40:41 PDT"]
[Termination "BabyBoss31 won on time"]

1. d4 d5 2. c4 e6 3. Nf3 Nf6 4. Nc3 Be7 5. Bg5 h6 6. Bh4 O-O 7. e3 b6 8. cxd5 Nxd5 9. Bxe7 Qxe7 10. Nxd5 exd5 11. Rc1 Be6 12. Qa4 c5 13. Qa3 Nd7 14.
Bb5 Rfc8 15. O-O a6 16. Bxd7 Bxd7 17. Ne5 Bb5 18. Rfe1 Qc7 19. Nf3 Bd3 20. Qxd3 c4 21. Qa3 b5 22. b3 c3 23. Qb4 a5 24. Qa3 b4 25. Qa4 c2 26. Re2 Qc3 27. Ne1 Qb2 28. Rexc2 Rxc2 29. Rxc2 Qb1 30. Kf1 Qd1 31. Qc6 Rd8 32. Qb5 Qa1 33. Qxa5 Re8 34. Qxb4 Qd1 35. Qd2 Qa1 36. Qc1 Qxc1 37. Rxc1 Ra8 38. Rc5 Rxa2 39.
Rxd5 Rb2 40. Rb5 Rb1 41. Rb8+ Kh7 42. b4 Kg6 43. b5 Kf6 44. b6 Ke7 45. b7 Kd6 46.
Rd8+ Kc7 47. b8=Q+ Rxb8 48. Rxb8 Kxb8 49. Ke2 Kc7 50.
Kd3 Kd6 51. Ke4 Ke6 52. Nd3 f5+ 53. Kf4 Kf6 54. Nc5 g5+ 55. Kf3 g4+ 56. Kf4 Kg6 57.
Nd7 h5 58. Ne5+ Kf6 59. Nc6 Ke6 60. Nb4 Kf6 61. Nc2 Ke6 62. Ne1 Kf6 63. d5 Kg6 64.
Nd3 Kf6 65. Ne5 Ke7 66. Kxf5 g3 67. e4 gxh2 68. Nc4 h1=Q 69. d6+ Kd7 70. e5 Qxg2 71.
e6+ Ke8 72. Ne5 Qxf2+ 73. Ke4 Qc2+ 74. Kd5 Qb3+ 75. Nc4 Qb5+ 76. Kd4 h4 77. Ne5 Qb4+ 78. Kd5 Qb5+ 79. Kd4 Qb4+ 80. Kd5 Qb3+ 81. Nc4 Qb5+ 82. Kd4 h3 83. Ne5 Qb4+ 84. Kd5 Qb5+ 85. Kd4 Qb6+ 86. Kd5 Qb3+ 87. Nc4 Qd3+ 88. Ke5 Qxc4 89. d7+ Ke7 90. d8=Q+ 1-0

[Event "*** SCC Grand Prix: Titled Tuesday Blitz"]
[Site "Chess.com"]
[Date "2020.07.21"]
[Round "4"]
[White "vpsetter"]
[Black "2346PL"]
[Result "1/2-1/2"]
[WhiteElo "2598"]
[BlackElo "2400"]
[TimeControl "180+1"]
[EndTime "10:41:00 PDT"]
[Termination "Game drawn - insufficient material"]

1. e4 c5 2. Nf3 Nf6 3. e5 Nd5 4. Nc3 e6 5. Nxd5 exd5 6. d4 Qb6 7. c3 Nc6 8. dxc5 Bxc5 9. Qc2 a5 10. Bd3 d6 11.
exd6 Bxd6 12. O-O h6 13. Re1+ Be6 14. Bf5 O-O 15. Bxe6 fxe6 16. Rxe6 Qc7 17. Bxh6 Ne5 18. Nxe5 Bxe5 19. Be3 Bxh2+ 20. Kf1 Be5 21. Rd1 Rad8 22. Bb6 Qc4+ 23. Qe2 Rde8 24. Rxe8 Qxe2+ 25. Kxe2 Rxe8 26. Be3 Rd8 27. f4 Bf6 28. g4 g6 29. Bd4 Kf7 30.
Kf3 b5 31. Bxf6 Kxf6 32. Rd4 Ke6 33. Ke3 Rh8 34. f5+ gxf5 35. gxf5+ Ke5 36. f6 Rh3+ 37. Kd2 Rh2+ 38. Kc1 Rf2 39. a4 b4 40. Rh4 b3 41.
Rh5+ Ke6 42. c4 Rc2+ 43. Kb1 Rxc4 44. f7 Rf4 45. Kc1 Rxf7 46. Rh6+ Rf6 47. Rh3 Rf4 48. Rxb3 Rxa4 49. Kd2 Ke5 50. Rb8 Rh4 51. Re8+ Kd4 52. Ra8 Rh2+ 53. Kc1 Kd3 54. Kb1 Rh1+ 55. Ka2 d4 56. Rxa5 Ke4 57. Ra8 d3 58. Re8+ Kf3 59. Rf8+ Ke3 60. Re8+ Kf2 61. Rd8 Ke2 62. Re8+ Kd1 63.
b4 d2 64. Kb2 Rh4 65. Kb3 Kc1 66. Rc8+ Kb1 67. Rd8 Rh3+ 68. Kc4 Kc2 69. b5 d1=Q 70. Rxd1 Kxd1 71. b6 Kc2 72. Kc5 Kc3 73. b7 Rh8 74.
Kb6 Kc4 75. Ka7 Kc5 76. b8=Q Rxb8 77. Kxb8 1/2-1/2

[Event "*** SCC Grand Prix: Titled Tuesday Blitz"]
[Site "Chess.com"]
[Date "2020.07.21"]
[Round "4"]
[White "Artyom_ChessMate"]
[Black "davigator"]
[Result "1/2-1/2"]
[WhiteElo "2577"]
[BlackElo "2340"]
[TimeControl "180+1"]
[EndTime "10:41:02 PDT"]
[Termination "Game drawn by repetition"]

1. e4 c5 2. Nc3 Nc6 3. Bb5 Nd4 4. Nf3 e6 5. O-O a6 6. Bd3 Nc6 7. b3 d6 8. Bb2 Nf6 9. Re1 Be7 10. e5 dxe5 11. Nxe5 Qc7 12. Nxc6 Qxc6 13. Ne4 Bd7 14. Nxf6+ Bxf6 15. Bxf6 gxf6 16. Be4 Qc7 17. Qf3 Bc6 18.
Bxc6+ Qxc6 19. Qxc6+ bxc6 20. d3 Ke7 21. a4 Kd6 22.
Rad1 Rhg8 23. d4 Rg6 24. Re4 Rag8 25. g3 Rg4 26. dxc5+ Kxc5 27. Rxg4 Rxg4 28. Rd7 Rg7 29. Kf1 Kb6 30. Ke2 c5 31. h4 Kc6 32. Re7 f5 33.
Ke3 h6 34. c4 Kb6 35. Kf3 a5 36.
Ke3 Kc6 37. Kf3 Kb6 38. Kf4 Rg4+ 39. Ke5 f4 40. gxf4 Rxh4 41. Rxf7 Rh3 42. Rf6 h5 43. Rxe6+ Kb7 44. f5 Rf3 45. Rh6 Rxf2 46. Rxh5 Re2+ 47. Kd5 Kb6 48. Rh6+ Kb7 49. Kxc5 Re3 50. Rh7+ Ka6 51.
Rh6+ Kb7 52. Rb6+ Kc7 53. Re6 Rf3 54. Re5 Rxb3 55. f6 Rf3 56. Re7+ Kd8 57. Rf7 Ke8 58.
Re7+ Kd8 59. Re6 Kd7 60. Ra6 Rf5+ 61. Kd4 Kc8 62. c5 Kb7 63. Rd6 Kc7 64. Kc4 Rf1 65. Kb5 Rb1+ 66. Kxa5 Rb2 67. f7 Rf2 68. Rb6 Rxf7 69. Ka6 Rf1 70. a5 Kc8 71. c6 Rf5 72. Rb5 Rf6 73. Rc5 Kc7 74. Kb5 Rf1 75. Rh5 Rb1+ 76.
Kc5 Rc1+ 77. Kb5 Rb1+ 78. Ka6 Kxc6 79. Rh2 Kc7 80. Rc2+ Kb8 81. Rh2 Rb3 82. Rh8+ Kc7 83. Ra8 Rb1 84. Rh8 Rb2 85. Ka7 Rb1 86. a6 Rb2 87.
Rh7+ Kc8 88. Rb7 Rh2 89. Rb5 Rh7+ 90. Ka8 Rh6 91. a7 Rh1 92. Rc5+ Kd8 93. Rc3 Rb1 94.
Rc6 Kd7 95. Rc3 Kd8 96. Rd3+ Kc7 97. Rc3+ Kd8 1/2-1/2

[Event "*** SCC Grand Prix: Titled Tuesday Blitz"]
[Site "Chess.com"]
[Date "2020.07.21"]
[Round "4"]
[White "Anton_Demchenko"]
[Black "Undisputed92"]
[Result "1/2-1/2"]
[WhiteElo "2829"]
[BlackElo "2651"]
[TimeControl "180+1"]
[EndTime "10:42:01 PDT"]
[Termination "Game drawn by stalemate"]

1. e4 e6 2. d4 d5 3. Nd2 a6 4.
Ngf3 c5 5. dxc5 Bxc5 6. Bd3 dxe4 7. Nxe4 Be7 8. Qe2 Nf6 9. Bd2 Nc6 10. O-O-O Nd4 11. Nxd4 Qxd4 12. Bc3 Qa4 13. Kb1 Bd7 14. Nxf6+ Bxf6 15. Bxf6 gxf6 16. Qf3 f5 17. Rhe1 O-O-O 18. Qh5 Qg4 19. Qxg4 fxg4 20. Kc1 h5 21. Re5 f6 22. Rc5+ Kb8 23. Re1 e5 24. Be4 Bc8 25. c3 h4 26. Rd5 f5 27. Rxd8 Rxd8 28. Bc2 e4 29.
Rd1 Rxd1+ 30. Bxd1 Kc7 31. g3 hxg3 32. hxg3 Kd6 33.
Kd2 Ke5 34. Ke3 Be6 35. a3 a5 36. b4 b6 37. Ba4 Bc4 38. Bd7 Bd3 39. Be8 Bc4 40. Bg6 Be6 41. Be8 Bc4 42. Ba4 Bd3 43. Bb3 Bf1 44. c4 axb4 45. axb4 Bd3 46. c5 bxc5 47.
bxc5 Bb5 48. Bg8 Bc6 49. Bc4 Ba4 50. Be2 Bd7 51. Ba6 Bc6 52. Bc8 Ba4 53. Bb7 Be8 54.
c6 Kd6 55. Bc8 Bxc6 56. Bxf5 Ke5 57. Bxg4 Bd5 58. Bh3 Bc6 59. Bg2 Bd5 60. Bf1 Bc6 61. Bc4 Bb7 62. Bb5 Bd5 63. Bd7 Bb7 64. Be8 Bd5 65. Bg6 Bc6 66. Bh5 Bd5 67. Bd1 Bc6 68. Ke2 Bb5+ 69. Kd2 Bc6 70. Bc2 Bd5 71. Ke1 Bc6 72. Kf1 Bd7 73. Kg1 Bg4 74. Kh2 Kd4 75.
Ba4 e3 76. fxe3+ Kxe3 77. Bc6 Be6 78. Bg2 Bf5 79. Bh3 Bg6 80. Bg4 Ke4 81. Kh3 Ke5 82. Kh4 Kf6 83. Bf3 Bf7 84. Kg4 Kg7 85. Kf4 Bg6 86. g4 Bb1 87. g5 Bc2 88. Bg4 Bb1 89.
Be2 Bc2 90. Bc4 Bb1 91. Bb3 Bd3 92. Bd1 Bb1 93. Kg4 Kg6 94. Ba4 Kg7 95. Bc6 Bc2 96. Bd5 Bb1 97. Kh5 Bg6+ 98. Kh4 Bb1 99. Kg3 Bg6 100.
Kf4 Bb1 101. Be4 Bxe4 102. Kxe4 Kg6 103. Kf4 Kg7 104. Kf5 Kf7 105. g6+ Kg7 106. Kg5 Kg8 107. Kh5 Kg7 108. Kg5 Kg8 109. Kf6 Kf8 110. Ke5 Kg7 111. Kf5 Kg8 112. Kg5 Kg7 113. Kh5 Kg8 114. Kh6 Kh8 115. g7+ Kg8 116. Kg6 1/2-1/2

[Event "*** SCC Grand Prix: Titled Tuesday Blitz"]
[Site "Chess.com"]
[Date "2020.07.21"]
[Round "5"]
[White "DishonorOnYourCow"]
[Black "harkerchess"]
[Result "1-0"]
[WhiteElo "2323"]
[BlackElo "2109"]
[TimeControl "180+1"]
[EndTime "10:49:00 PDT"]
[Termination "DishonorOnYourCow won by resignation"]

1. d4 d5 2. c4 c6 3. Nf3 Nf6 4. e3 e6 5. b3 Bd6 6. Bd3 Nbd7 7. Bb2 O-O 8. O-O e5 9. dxe5 Nxe5 10.
Nxe5 Bxe5 11. Bxe5 dxc4 12. Bxc4 1-0

[Event "*** SCC Grand Prix: Titled Tuesday Blitz"]
[Site "Chess.com"]
[Date "2020.07.21"]
[Round "5"]
[White "fighter2jz"]
[Black "baag"]
[Result "0-1"]
[WhiteElo "2796"]
[BlackElo "2646"]
[TimeControl "180+1"]
[EndTime "10:50:27 PDT"]
[Termination "baag won by resignation"]

1. e4 c6 2. d4 d5 3. e5 Bf5 4. Nc3 e6 5. g4 Bg6 6. Nge2 c5 7. h4 h6 8. Nf4 Bh7 9. Be3 Nc6 10. Bb5 cxd4 11. Qxd4 Ne7 12. Nfe2 a6 13. Bxc6+ Nxc6 14. Qd2 Nxe5 15. O-O-O Nf3 0-1

[Event "*** SCC Grand Prix: Titled Tuesday Blitz"]
[Site "Chess.com"]
[Date "2020.07.21"]
[Round "5"]
[White "Alexander_Zubov"]
[Black "Undisputed92"]
[Result "1-0"]
[WhiteElo "2856"]
[BlackElo "2646"]
[TimeControl "180+1"]
[EndTime "10:50:52 PDT"]
[Termination "Alexander_Zubov won by resignation"]

1. d4 Nf6 2. Nf3 c5 3. d5 b5 4. c4 g6 5. cxb5 a6 6. bxa6 Bg7 7. Nc3 O-O 8. a7 Rxa7 9. e4 d6 10. Be2 Ba6 11. O-O Nfd7 12. Bd2 Qb6 13. b3 Bxe2 14.
Qxe2 Na6 15. Rab1 Nb4 16. a4 Qa6 17. Nb5 Rb7 18. Bxb4 cxb4 19. Rfc1 Nc5 20. Rc4 Qa5 21. Nfd4 1-0

[Event "*** SCC Grand Prix: Titled Tuesday Blitz"]
[Site "Chess.com"]
[Date "2020.07.21"]
[Round "5"]
[White "Kavyev_Ruslan"]
[Black "mfwagnerpeixoto"]
[Result "1-0"]
[WhiteElo "2431"]
[BlackElo "2272"]
[TimeControl "180+1"]
[EndTime "10:50:59 PDT"]
[Termination "Kavyev_Ruslan won by resignation"]

1. e4 c5 2. Nf3 e6 3. d4 cxd4 4.
Nxd4 Nc6 5. Nb5 d6 6. Bf4 e5 7. Be3 Nf6 8. N1c3 a6 9. Na3 b5 10.
Nd5 Qa5+ 11. c3 Nxe4 12. Bb6 Nxc3 13. Qd2 1-0

[Event "*** SCC Grand Prix: Titled Tuesday Blitz"]
[Site "Chess.com"]
[Date "2020.07.21"]
[Round "5"]
[White "DenisQ"]
[Black "Makswolf200817"]
[Result "1/2-1/2"]
[WhiteElo "2627"]
[BlackElo "2482"]
[TimeControl "180+1"]
[EndTime "10:51:05 PDT"]
[Termination "Game drawn by agreement"]

1. Nf3 d5 2. c4 c6 3. cxd5 cxd5 4. d4 Nc6 5. Nc3 Bf5 6. Qb3 e6 7. Qxb7 Nb4 8. e4 a6 9. exf5 Rb8 10. Qa7 Ra8 11. Qb7 Rb8 1/2-1/2

[Event "*** SCC Grand Prix: Titled Tuesday Blitz"]
[Site "Chess.com"]
[Date "2020.07.21"]
[Round "5"]
[White "djano"]
[Black "andy_rekt"]
[Result "1-0"]
[WhiteElo "2461"]
[BlackElo "2233"]
[TimeControl "180+1"]
[EndTime "10:51:25 PDT"]
[Termination "djano won by resignation"]

1. d4 e6 2. Nf3 Nf6 3. Bf4 d5 4. e3 a6 5. Nbd2 Bd6 6. Ne5 Nbd7 7. Bd3 Qe7 8. c3 O-O 9. Qb1 c5 10. h4 Rd8 11. Ndf3 Nf8 12. Ng5 Bxe5 13. dxe5 Ne4 14. Bxe4 dxe4 15. Nxe4 Bd7 16. Bg5 Qe8 17. Nd6 1-0

[Event "*** SCC Grand Prix: Titled Tuesday Blitz"]
[Site "Chess.com"]
[Date "2020.07.21"]
[Round "5"]
[White "GianmarcoVaR"]
[Black "Susal_De_Silva"]
[Result "1-0"]
[WhiteElo "2478"]
[BlackElo "2311"]
[TimeControl "180+1"]
[EndTime "10:51:27 PDT"]
[Termination "GianmarcoVaR won by checkmate"]

1. e4 e5 2. Nc3 Nf6 3. g3 c6 4. Bg2 d5 5. d3 Bb4 6. Bd2 O-O 7. Nge2 d4 8. Nb1 Bxd2+ 9. Nxd2 Be6 10. h3 Qd7 11. f4 Qc7 12. fxe5 Qxe5 13. Nf3 Qc7 14. Nfxd4 Nh5 15. O-O Nxg3 16. Nxg3 Qxg3 17. Nxe6 fxe6 18. Rxf8+ Kxf8 19. Qh5 Kg8 20. Qe8# 1-0

[Event "*** SCC Grand Prix: Titled Tuesday Blitz"]
[Site "Chess.com"]
[Date "2020.07.21"]
[Round "5"]
[White "Karina_Ivanova"]
[Black "Batsai"]
[Result "0-1"]
[WhiteElo "2180"]
[BlackElo "2364"]
[TimeControl "180+1"]
[EndTime "10:51:40 PDT"]
[Termination "Batsai won by resignation"]

1. Nf3 Nf6 2. c4 g6 3. d4 Bg7 4.
g3 d5 5. Bg2 O-O 6. O-O c5 7.
cxd5 cxd4 8. Nc3 dxc3 9. bxc3 Qxd5 10. Qb3 Qxb3 11. axb3 Nc6 12. Bb2 Ne4 13. Rfc1 Bf5 14. Nh4 Nd2 15. Nxf5 gxf5 16. Ra3 Rfd8 17. b4 Nxb4 18.
Bxb7 Rab8 19. Rxa7 Nd5 20. Kg2 Nc4 21. Ba1 Ndb6 22.
Bf3 e6 23. Rb1 Nd2 24. Rb3 Nxb3 0-1